 Dungeon Crawl Stone Soup version 0.29.0-11-gd7f09526c8 (webtiles) character file.

Game seed: 9854251745193947838

957 Iusername the Covered (level 7, -10/61 HPs)
             Began as a Minotaur Fighter on Sept 2, 2022.
             Mangled by a yak (11 damage)
             ... on level 6 of the Dungeon.
             The game lasted 00:10:12 (8373 turns).

Iusername the Covered (Minotaur Fighter)            Turns: 8373, Time: 00:10:19

Health: -10/61     AC: 15    Str: 22    XL:     7   Next: 91%
Magic:  6/6        EV:  3    Int:  5    God:
Gold:   285        SH: 12    Dex: 10    Spells: 6/6 levels left

rFire   . . .      SeeInvis .   a - +3 long sword
rCold   . . .      Faith    .   u - +0 tower shield
rNeg    . . .      Spirit   .   q - +0 plate armour
rPois   .          Reflect  .   (helmet restricted)
rElec   .          Harm     .   t - +0 cloak
rCorr   .          Rampage  .   o - +0 pair of gloves
Will    .....                   (no boots)
Stlth   ..........              (no amulet)
HPRegen 0.20/turn               (no ring)
MPRegen 0.10/turn               (no ring)

@: no status effects
A: horns 2, retaliatory headbutt
a: no special abilities


You were on level 6 of the Dungeon.
You visited 1 branch of the dungeon, and saw 6 of its levels.

You collected 285 gold pieces.

Inventory:

Hand Weapons
 a - a +3 long sword (weapon)
Missiles
 d - 3 javelins (quivered)
Armour
 o - a +0 pair of gloves (worn)
 q - a +0 plate armour (worn)
 t - a +0 cloak (worn)
 u - a +0 tower shield (worn)
Jewellery
 g - a ring of wizardry
 n - a ring of see invisible
Wands
 c - a wand of iceblast (6)
Scrolls
 i - 2 scrolls of immolation
 j - a scroll of poison
 p - 2 scrolls of butterflies
 v - a scroll of torment {unknown}
Potions
 b - a potion of ambrosia {unknown}
 e - 3 potions of brilliance {unknown}
 f - a potion of curing
 h - a potion of resistance {unknown}
 k - 4 potions of degeneration {unknown}
 l - 2 potions of heal wounds {unknown}
 m - a potion of cancellation {unknown}
 r - a potion of mutation {unknown}


   Skills:
 + Level 5.6 Fighting
 + Level 6.3 Long Blades
 + Level 0.7 Throwing
 + Level 7.3 Armour
 + Level 2.1 Dodging
 + Level 0.7 Stealth
 + Level 5.0 Shields


You had 6 spell levels left.
You didn't know any spells.
Your spell library contained the following spells:

 Spells                   Type           Power      Damage    Failure   Level
 Dazzling Flash           Conj/Hex       0%         N/A       100%        3
 Iskenderun's Mystic Bla  Conj/Tloc      0%         2d3       100%        4
 Starburst                Conj/Fire      0%         6d3       100%        6


Dungeon Overview and Level Annotations

Branches:
Dungeon (6/15)
 Temple: D:4-7

Altars:
Ashenzari
Hepliaklqana
Kikubaaqudgha
Qazlal
Ru
Sif Muna
Vehumet
Wu Jian


Innate Abilities, Weirdness & Mutations

You have a pair of horns on your head.
You reflexively headbutt those who attack you in melee.


Message History

An orc comes into view. It is wielding a +0 club.
You throw a javelin. The javelin pierces through the yak!
The yak is moderately wounded.
An ogre comes into view. It is wielding a +0 giant club.
You block the yak's attack.
You throw a javelin. The ogre shouts!
The javelin pierces through the yak!
The yak is heavily wounded.
The javelin pierces through the yak.
The yak is lightly wounded.
You block the yak's attack. The yak gores you.
You completely miss the yak.
The yak is heavily wounded.
The yak gores you but does no damage. The yak gores you.
You barely miss the yak.
The yak is heavily wounded.
You block the yak's attack. You block the yak's attack.
The yak barely misses you. You furiously retaliate!
You headbutt the yak! The yak attacks as you move away!
The yak barely misses you.
A shadow imp comes into view.
The yak barely misses you.
The shadow imp shouts!
You closely miss the yak.
The yak is lightly wounded.
You block the yak's attack. The yak gores you. The yak gores you!
The yak gores you.
You closely miss the yak.
The yak is lightly wounded.
The yak gores you! The yak gores you. The yak gores you!
* * * LOW HITPOINT WARNING * * *
You hit the yak.
The yak is moderately wounded.
The yak gores you.
* * * LOW HITPOINT WARNING * * *
The yak gores you!
* * * LOW HITPOINT WARNING * * *
You block the yak's attack. The yak gores you!
You die...

#..##... ## #..#
#..#...# #. ...#
#....... ..
.).######..<.###
#.##.............## ..
#.#...............#
#...#.................##
#....................#
#@YY..............
##YY.............#.
##5Oo.............#.
###................##.
###.................#...
....#......#######....##
........................
......#..##.#####.......
......#..##.# #....###


You could see 4 yaks, an ogre, a shadow imp and an orc.

Vanquished Creatures
  Eustachio (D:5)
  An orc warrior (D:6)
  A phantom (D:4)
  A bullfrog (D:5)
  2 jellies (D:6)
  An orc priest (D:6)
  Crazy Yiuf (D:5)
  2 hounds (D:5)
  Jessica (D:2)
  3 iguanas
  5 orc wizards
  5 adders
  4 gnolls (D:4)
  An ufetubus (D:3)
  2 worms
  2 dart slugs
  5 orcs
  5 bats
  4 endoplasms
  6 giant cockroaches
  6 goblins
  6 hobgoblins
  7 jackals
  10 kobolds
  10 quokkas
  5 ball pythons
  3 frilled lizards
  4 rats
  A spectral hobgoblin (D:4)
105 creatures vanquished.

Vanquished Creatures (others)
  2 orcs (D:6)
2 creatures vanquished.

Grand Total: 107 creatures vanquished

Notes
Turn   | Place    | Note
-------+----------+-------------------------------------------
     0 | D:1      | Iusername the Minotaur Fighter began the quest for the Orb.
     0 | D:1      | Reached XP level 1. HP: 19/19 MP: 0/0
   280 | D:1      | Reached XP level 2. HP: 23/27 MP: 1/1
   495 | D:1      | Found a faded altar of an unknown god.
   517 | D:1      | Reached skill level 4 in Armour
   672 | D:1      | Reached XP level 3. HP: 32/33 MP: 2/2
  1560 | D:2      | Reached skill level 1 in Dodging
  2269 | D:2      | Noticed Jessica
  2291 | D:2      | Killed Jessica
  2292 | D:2      | Reached XP level 4. HP: 37/41 MP: 3/3
  2610 | D:2      | You fall into a shaft and drop 1 floor!
  2715 | D:3      | Found a stormy altar of Qazlal.
  2773 | D:3      | Found a broken altar of Ashenzari.
  2844 | D:3      | Found a glowing drain.
  3281 | D:3      | Reached XP level 5. HP: 47/47 MP: 4/4
  3350 | D:3      | Found a radiant altar of Vehumet.
  3375 | D:3      | Reached skill level 5 in Armour
  3387 | D:3      | Found an ancient bone altar of Kikubaaqudgha.
  3402 | D:3      | Found a shimmering blue altar of Sif Muna.
  4369 | D:4      | Noticed a phantom
  4393 | D:4      | Killed a phantom
  4394 | D:4      | Reached skill level 5 in Long Blades
  4394 | D:4      | Reached XP level 6. HP: 45/55 MP: 5/5
  4687 | D:4      | Found an ornate altar of the Wu Jian Council.
  4872 | D:4      | Found a sacrificial altar of Ru.
  5700 | D:4      | Found a hazy altar of Hepliaklqana.
  5796 | D:5      | Entered Level 5 of the Dungeon
  5930 | D:5      | Noticed Eustachio
  5969 | D:5      | Killed Eustachio
  5970 | D:5      | Reached skill level 5 in Fighting
  5970 | D:5      | Reached skill level 6 in Armour
  5970 | D:5      | Reached XP level 7. HP: 32/61 MP: 6/6
  6664 | D:5      | Found a runed translucent door.
  6665 | D:5      | Noticed Crazy Yiuf
  6679 | D:5      | Killed Crazy Yiuf
  7971 | D:6      | Reached skill level 7 in Armour
  7986 | D:6      | Reached skill level 5 in Shields
  8356 | D:6      | Noticed a yak
  8357 | D:6      | Noticed a yak
  8357 | D:6      | Noticed a yak
  8358 | D:6      | Noticed a yak
  8373 | D:6      | HP: 1/61 [yak (13)]
  8373 | D:6      | Mangled by a yak

Illustrated notes

Levels and vault maps discovered:
D:1:      heliophobic_arrival_glass_houses, layout_rooms,
          ebering_ecumenical_altar_hall
D:2:      layout_basic, uniq_jessica
D:3:      layout_loops_ring, palyth_temple_overflow_mages,
          nicolae_ashenzari_panopticon, nicolae_qazlal_scattered_showers,
          gup_sewer_entry_pipe, chequers_arboretum
D:4:      nicolae_cairo_tiling, layout_cave_pods, nicolae_ru_awakened_eye,
          lemuel_round_altar, nicolae_hepliaklqana_monster_ancestors,
          st_stairs_9
D:5:      layout_basic, nicolae_underground_beach, uniq_eustachio,
          uniq_crazy_yiuf_cottage
D:6:      layout_rooms, general_overflow_altar, moated_statue,
          chequers_serial_rivers_micro_d

Skill      XL: |  1  2  3  4  5  6  7 |
---------------+----------------------+-----
Fighting       | 4 5 |  5.6
Armour         | 4 5 6 7 |  7.3
Long Blades    | 3 4 5 6 |  6.3
Dodging        | 1 2 |  2.1
Shields        | 4 5 |  5.0
Throwing       | |  0.7
Stealth        | |  0.7

Action                   |  1- 3 |  4- 6 |  7- 9 || total
-------------------------+-------+-------+-------++-------
Melee: Long sword        |   116 |   180 |    68 ||   364
       Headbutt          |    13 |    21 |    14 ||    48
Throw: Javelin           |       |     5 |     2 ||     7
       Throwing net      |       |     1 |       ||     1
  Use: Potion            |       |     2 |     3 ||     5
       Scroll            |       |     5 |     2 ||     7
 Stab: Held in net/web   |       |     1 |       ||     1
Armor: Scale mail        |    81 |    39 |       ||   120
       Plate armour      |       |   126 |    66 ||   192
Dodge: Dodged            |    74 |    71 |    31 ||   176
Block: Buckler           |    40 |    44 |    11 ||    95
       Tower shield      |       |       |    31 ||    31
